 Dungeon Crawl Stone Soup version 0.19-a0-231-gae044c8 (webtiles) character file.

1450 esc the Magician (level 8, 0/45 HPs)
             Began as a Deep Elf Fire Elementalist on May 24, 2016.
             Killed from afar by an orc wizard (6 damage)
             ... with a magic dart
             ... on level 6 of the Dungeon.
             The game lasted 00:18:55 (5344 turns).

esc the Magician (Deep Elf Fire Elementalist)       Turns: 5344, Time: 00:18:55

Health: 0/45       AC:  4    Str:  5    XL:     8   Next: 47%
Magic:  2/21       EV: 15    Int: 23    God:
Gold:   153        SH:  0    Dex: 15    Spells: 3 memorised, 15 levels left

rFire  + . .     SeeInvis .     f - +1 whip
rCold  + + .     Gourm    .     a - +0 robe
rNeg   . . .     Faith    .     (no shield)
rPois  +         Spirit   .     (no helmet)
rElec  +         Dismiss  .     m - +1 cloak
rCorr  +         Reflect  .     (no gloves)
SustAt .         Harm     .     (no boots)
MR     .....                    (no amulet)
Stlth  ++........               y - ring of protection from cold {rC+, !d}
                                s - ring of wizardry {Wiz+, !d}

@: resistant, not resistant to hostile enchantments, unstealthy
A: no striking features
a: no special abilities


You were on level 6 of the Dungeon.
You were not hungry.

You visited 1 branch of the dungeon, and saw 6 of its levels.

You collected 153 gold pieces.

Inventory:

Hand Weapons
 f - a +1 whip (weapon)
   (You took it off a kobold on level 1 of the Dungeon)
 u - a cursed -3 dagger
   (You took it off a goblin on level 3 of the Dungeon)
Missiles
 e - 152 stones (quivered)
 l - 2 curare-tipped needles
 r - 12 poisoned needles
Armour
 a - a +0 robe (worn)
 m - a +1 cloak (worn)
   (You found it on level 2 of the Dungeon)
 n - a +0 buckler
   (You found it on level 2 of the Dungeon)
Jewellery
 s - a ring of wizardry (left hand) {Wiz+, !d}
   (You found it on level 3 of the Dungeon)
 y - a ring of protection from cold (right hand) {rC+, !d}
   (You found it on level 5 of the Dungeon)
Wands
 j - a wand of disintegration (24/24)
   (You found it on level 2 of the Dungeon)
 G - a wand of slowing (34/48)
   (You found it on level 5 of the Dungeon)
Scrolls
 t - a scroll of magic mapping {!r}
 w - 2 scrolls of immolation {!r}
 D - 2 scrolls of remove curse
 F - a scroll of teleportation
Potions
 g - a potion of invisibility {unknown}
 h - a potion of resistance
 i - a potion of mutation {unknown}
 k - a potion of agility {unknown}
 o - a potion of berserk rage {unknown}
 p - a potion of brilliance {unknown}
 q - a potion of ambrosia {unknown}
 v - a potion of might
 A - a potion of haste {unknown}
 C - a potion of lignification {unknown}
 E - a potion of degeneration {unknown}
Books
 b - a book of Flames
Comestibles
 c - 5 bread rations {@e1}
 x - a meat ration {@e2}


   Skills:
 + Level 2.9 Fighting
 + Level 5.4 Dodging
 - Level 2.4 Stealth
 + Level 7.5 Spellcasting
 + Level 5.7 Conjurations
 + Level 6.2 Fire Magic


You had 15 spell levels left.
You knew the following spells:

 Your Spells              Type           Power        Failure   Level  Hunger
a - Flame Tongue          Conj/Fire      #####        1%          1    None
s - Sticky Flame          Conj/Fire      #####...     4%          4    ###....
x - Throw Flame           Conj/Fire      #####.       1%          2    None


Dungeon Overview and Level Annotations

Branches:
Dungeon (6/15)
 Temple: D:4-7

Altars:
Cheibriados
Dithmenos
Elyvilon
Gozag
Kikubaaqudgha
Okawaru
Qazlal
Yredelemnul

Annotations:
D:5 esc's ghost, amateur DEFE
D:6 Sigmund


Message History

You take 3 damage, and have 19/45 hp.
You feel sick.
You take 1 damage, and have 18/45 hp.
You feel sick.
You take 1 damage, and have 17/45 hp.
You feel sick.
You take 1 damage, and have 16/45 hp.
You feel sick.
You take 1 damage, and have 15/45 hp.
You feel sick.
You take 1 damage, and have 15/45 hp.
You feel sick.
You take 1 damage, and have 14/45 hp.
You feel sick.
You feel sick.
You take 1 damage, and have 13/45 hp.
You feel sick.
You feel sick.
You take 1 damage, and have 12/45 hp.
You feel sick.
You are no longer poisoned.
You take 1 damage, and have 12/45 hp.
There is an open door here.
All of the chunks of flesh in your inventory have rotted away.
Esc's ghost gestures at you while chanting.
The puff of flame misses you. Esc's ghost casts a spell at you.
The puff of flame hits you!
* * * LOW HITPOINT WARNING * * *
You take 10 damage, and have 6/45 hp.
MASSIVE DAMAGE!!
There is a stone staircase leading down here.
You climb downwards.
Level annotation: Sigmund An orc comes into view.
It is wielding a club.
The orc priest shouts!
The orc shouts!
The orc hits you but does no damage.
The orc throws an exploding tomahawk.
The exploding tomahawk misses you.
The exploding tomahawk explodes!
The explosion of tomahawk fragments engulfs you!
* * * LOW HITPOINT WARNING * * *
The explosion of tomahawk fragments engulfs the orc.
The orc hits you but does no damage.
An ice beast comes into view.
There is a stone staircase leading up here.
You take 2 damage, and have 4/45 hp.
Aim: an orc priest, wielding a short sword and wearing a leather armour
Okay, then.
Unknown command.
Drink which item? (? for menu, Esc to quit)
You feel better. The orc priest barely misses you.
You regained 7 hp, and now have 11/45 hp.
Aim: an orc priest, wielding a short sword and wearing a leather armour The sticky flame hits the orc priest.
The orc priest is covered in liquid flames!
The orc priest burns!
The orc misses you. The orc priest barely misses you.
You now have 12/21 mp.
The orc priest burns!
The orc priest burns!
You kill the orc priest!
The orc wizard mumbles some strange words.
The orc wizard blinks!
Aim: an orc wizard, wielding a dagger and wearing a robe The sticky flame hits the orc wizard.
The orc wizard is covered in liquid flames!
The orc wizard burns!
The orc closely misses you. The orc wizard misses you.
You now have 9/21 mp.
Aim: an orc, wielding a club, wearing a robe and wearing a thin bronze amulet The sticky flame hits the orc.
The orc is covered in liquid flames!
The orc wizard burns!
The orc burns!
The orc closely misses you. The orc wizard hits you with a dagger.
* * * LOW HITPOINT WARNING * * *
You take 1 damage, and have 11/45 hp.
You now have 5/21 mp.
Drink which item? (? for menu, Esc to quit)
It was a potion of resistance.
You feel protected.
The orc wizard burns!
The orc burns!
You kill the orc!
The orc wizard gestures wildly while chanting.
The orc wizard blinks!
Drink which item? (? for menu, Esc to quit)
Okay, then.
The orc wizard burns!
You kill the orc wizard!
Aim: an ice beast The sticky flame hits the ice beast.
The ice beast melts!
The ice beast is covered in liquid flames!
The ice beast burns!
The ice beast hits you.
* * * LOW HITPOINT WARNING * * *
The ice beast freezes you. You resist.
* * * LOW HITPOINT WARNING * * *
You take 6 damage, and have 5/45 hp.
You now have 1/21 mp.
The ice beast burns!
You kill the ice beast!
Read which item? (? for menu, Esc to quit)
Okay, then.
Drink which item? (? for menu, Esc to quit)
Okay, then.
The orc wizard gestures at you while chanting.
The magic dart hits you!
You die...

#.........#. #..ยง.........
#.........#.. #....###..#
##....# #.... #######.....#
..### . .........#.##
#.#####.# ..
....######.#####........ ...
................@.##### ..
...##.......(###..o...#.#
...######....# ##.......##
#########...o####o##.....#.
........#..)<....o#.........
.............#####..........
..............o)o...........
........##########..........
........# #..........


You could see an orc warrior, an orc wizard and an orc.

Vanquished Creatures
  Eustachio (D:4)
  A sky beast (D:5)
  An ice beast (D:6)
  An ogre (D:4)
  A centaur (D:6)
  A giant frog (D:5)
  A water moccasin skeleton (D:5)
  A howler monkey (D:5)
  A crimson imp (D:4)
  3 centaur zombies
  A giant frog skeleton (D:5)
  3 orc priests
  3 orc wizards
  2 iguanas
  7 worker ants
  A hound zombie (D:4)
  A hound skeleton (D:5)
  A worker ant zombie (D:4)
  6 gnolls
  10 adders
  An adder zombie (D:4)
  A worm (D:4)
  A dart slug (D:2)
  5 giant geckos
  10 orcs
  7 bats
  A giant cockroach (D:3)
  7 goblins
  7 hobgoblins
  5 jackals
  10 kobolds
  3 quokkas
  2 ball pythons
  2 giant gecko skeletons
  A giant gecko zombie (D:4)
  5 giant newts
  A quokka skeleton (D:4)
  3 rats
119 creatures vanquished.

Notes
Turn   | Place    | Note
--------------------------------------------------------------
     0 | D:1      | esc the Deep Elf Fire Elementalist began the quest for the Orb.
     0 | D:1      | Reached XP level 1. HP: 10/10 MP: 6/6
   216 | D:1      | Reached XP level 2. HP: 15/15 MP: 2/8
   223 | D:1      | Learned a level 2 spell: Throw Flame
   695 | D:2      | Reached XP level 3. HP: 10/20 MP: 6/10
   707 | D:2      | HP: 5/20 [poisoned by an adder]
   715 | D:2      | HP: 4/20 [poisoned by an adder]
  1127 | D:2      | Found a basalt altar of Yredelemnul.
  1763 | D:3      | Reached skill level 2 in Conjurations
  1826 | D:3      | Found a shadowy altar of Dithmenos.
  1831 | D:3      | Reached skill level 4 in Spellcasting
  1902 | D:3      | Reached XP level 4. HP: 24/24 MP: 8/12
  1955 | D:3      | Learned a level 4 spell: Sticky Flame
  1957 | D:3      | Reached skill level 1 in Fighting
  1962 | D:3      | Reached skill level 3 in Dodging
  2061 | D:3      | Found a faded altar to an unknown god.
  2269 | D:3      | Reached skill level 4 in Fire Magic
  2499 | D:3      | Reached XP level 5. HP: 29/29 MP: 4/14
  2721 | D:4      | Noticed Eustachio
  2838 | D:4      | Killed Eustachio
  2838 | D:4      | Reached skill level 5 in Spellcasting
  2838 | D:4      | Reached skill level 3 in Conjurations
  2838 | D:4      | Reached XP level 6. HP: 34/34 MP: 3/16
  3088 | D:4      | Reached skill level 4 in Conjurations
  3096 | D:4      | Reached skill level 5 in Fire Magic
  3096 | D:4      | HP: 5/34 [crimson imp (4)]
  3210 | D:4      | Reached skill level 6 in Spellcasting
  3333 | D:4      | Found a stormy altar of Qazlal.
  3394 | D:4      | Found an iron altar of Okawaru.
  3421 | D:4      | Reached XP level 7. HP: 32/38 MP: 12/18
  3971 | D:5      | Entered Level 5 of the Dungeon
  4149 | D:5      | Noticed esc's ghost (amateur DEFE)
  4325 | D:5      | Reached skill level 4 in Dodging
  4325 | D:5      | Reached skill level 5 in Conjurations
  4363 | D:5      | Reached skill level 2 in Fighting
  4696 | D:5      | Reached XP level 8. HP: 40/45 MP: 15/20
  4803 | D:5      | Found a white marble altar of Elyvilon.
  4954 | D:5      | Found an opulent altar of Gozag.
  4954 | D:5      | Found a snail-covered altar of Cheibriados.
  4955 | D:5      | Found an ancient bone altar of Kikubaaqudgha.
  5193 | D:6      | Reached skill level 7 in Spellcasting
  5248 | D:6      | Reached skill level 5 in Dodging
  5248 | D:6      | Reached skill level 6 in Fire Magic
  5254 | D:6      | Noticed Sigmund
  5320 | D:5      | HP: 6/45 [esc's ghost/puff of flame (11)]
  5325 | D:6      | HP: 4/45 [orc (2)]
  5334 | D:6      | HP: 11/45 [orc wizard/dagger (1)]
  5338 | D:6      | HP: 5/45 [ice beast (3)]
  5344 | D:6      | Killed from afar by an orc wizard

Vault maps used:
D:1:      dpeg_arrival_refuge, bh_walls_and_bars
D:2:      overflow_temple_1_default, first_bread
D:3:      nicolae_dithmenos_through_a_glass_darkly, ecumenical_altar_2
D:4:      marbit_many_paths, serial_undead, serial_undead_b, serial_undead_f,
          serial_undead_e, serial_undead_a, serial_undead_e, okawaru_gym_becter,
          uniq_eustachio
D:5:      nicolae_overflow_hidden_temple, gammafunk_temple_overflow_forgotten
D:6:      lemuel_ratsnest, minmay_temple_entry_large_hall, uniq_sigmund,
          uniq_menkaure

Skill      XL: |  1  2  3  4  5  6  7  8 |
---------------+-------------------------+-----
Conjurations   | 2 3 4 5 |  5.7
Spellcasting   | 4 5 6 7 |  7.5
Fighting       | 1 2 |  2.9
Dodging        | 3 4 5 |  5.4
Fire Magic     | 4 5 6 |  6.2
Stealth        | |  2.4

Action                   |  1- 3 |  4- 6 |  7- 9 || total
-------------------------+-------+-------+-------++-------
Melee: Unarmed           |     1 |       |       ||     1
       Whip              |     3 |    34 |    31 ||    68
Throw: Stone             |       |     1 |     1 ||     2
 Cast: Flame Tongue      |    72 |    14 |       ||    86
       Sticky Flame      |       |    23 |    41 ||    64
       Throw Flame       |       |     3 |       ||     3
Evoke: Wand              |       |     2 |       ||     2
  Use: Scroll            |     6 |     4 |     3 ||    13
       Potion            |       |     1 |     2 ||     3
 Stab: Sleeping          |       |     1 |     2 ||     3
  Eat: Chunk             |     3 |     4 |     4 ||    11
       Meat ration       |       |     1 |       ||     1
       Beef jerky        |       |       |     2 ||     2
       Fruit             |       |       |     3 ||     3
Armor: Robe              |     7 |    13 |    18 ||    38
Dodge: Dodged            |    17 |    48 |    72 ||   137

Vault maps used:
D:1:      dpeg_arrival_refuge, bh_walls_and_bars
D:2:      overflow_temple_1_default, first_bread
D:3:      nicolae_dithmenos_through_a_glass_darkly, ecumenical_altar_2
D:4:      marbit_many_paths, serial_undead, serial_undead_b, serial_undead_f,
          serial_undead_e, serial_undead_a, serial_undead_e, okawaru_gym_becter,
          uniq_eustachio
D:5:      nicolae_overflow_hidden_temple, gammafunk_temple_overflow_forgotten
D:6:      lemuel_ratsnest, minmay_temple_entry_large_hall, uniq_sigmund,
          uniq_menkaure

Table legend:
 A = Turns spent in this place as a percentage of turns spent in the entire game.
 B = Non-inter-level travel turns spent in this place as a percentage of non-inter-level travel turns spent in the entire game.
 C = Inter-level travel turns spent in this place as a percentage of turns spent in this place.
 D = Turns resting spent in this place as a percentage of non-inter-level travel turns spent in this place.
 E = Turns spent auto-exploring this place as a percentage of non-inter-level travel turns spent in this place.
 F = Non-inter-level travel turns spent in this place divided by the number of levels of this place that you've seen.
                   A       B       C       D       E      F
               +-------+-------+-------+-------+-------+----------------------
         Total | 100.0 | 100.0 |   0.5 |   4.5 |   8.3 | 251.7
       Dungeon | 100.0 | 100.0 |   0.5 |   4.5 |   8.3 | 251.7
               +-------+-------+-------+-------+-------+----------------------

Table legend:
 A = Kills in this place as a percentage of kills in entire the game.
 B = Kills by you in this place as a percentage of kills by you in the entire game.
 C = Kills by friends in this place as a percentage of kills by friends in the entire game.
 D = Other kills in this place as a percentage of other kills in the entire game.
 E = Experience gained in this place as a percentage of experience gained in the entire game.
 F = Experience gained in this place divided by the number of levels of this place that you have seen.
                   A       B       C       D       E      F
               +-------+-------+-------+-------+-------+----------------------
         Total | 100.0 | 100.0 |  -nan |  -nan | 100.0 | 345.3
       Dungeon | 100.0 | 100.0 |  -nan |  -nan | 100.0 | 345.3
               +-------+-------+-------+-------+-------+----------------------
